2022 views
Uploaded 2022-09-13 23:39:55
Game version 1.33
10:11 long 1on1 ladder game on (2)SwampedTemple
Saved by GIGA
2022 views
Uploaded 2022-09-13 23:39:55
Game version 1.33
10:11 long 1on1 ladder game on (2)SwampedTemple

/ 0k
28 buildings @ 1.6k
/ 0.7k

| Peasant | 19 | 1425 | / | 0 |
| Footman | 5 | 675 | / | 0 |
| total: | 24 | 2100g | / | 0w |
| Scout Tower | 18 | 540 | / | 360 |
| Arcane Tower | 4 | 280 | / | 200 |
| Guard Tower | 10 | 700 | / | 500 |
| Altar of Kings | 1 | 180 | / | 50 |
| Farm | 6 | 480 | / | 120 |
| Lumber Mill | 1 | 120 | / | 0 |
| Barracks | 2 | 320 | / | 120 |
| total: | 28 | 1640g | / | 650w |
| 0:02 | Peasant |
| 0:03 | Peasant |
| 0:05 | Altar of Kings |
| 0:08 | Farm |
| 0:10 | Peasant |
| 0:19 | Lumber Mill |
| 0:39 | Peasant |
| 0:51 | Peasant |
| 1:11 | Peasant |
| 1:31 | Scout Tower |
| 1:39 | Peasant |
| 1:40 | Peasant |
| 1:45 | Scout Tower |
| 1:57 | Arcane Tower |
| 1:59 | Scout Tower |
| 2:17 | Guard Tower |
| 2:38 | Guard Tower |
| 2:48 | Storm Bolt |
| 3:02 | Scout Tower |
| 3:04 | Scout Tower |
| 3:16 | Farm |
| 3:27 | Scout Tower |
| 3:29 | Guard Tower |
| 3:33 | Scout Tower |
| 3:58 | Arcane Tower |
| 4:00 | Guard Tower |
| 4:04 | Peasant |
| 4:04 | Peasant |
| 4:05 | Peasant |
| 4:17 | Scout Tower |
| 4:30 | Arcane Tower |
| 4:34 | Scout Tower |
| 4:42 | Peasant |
| 4:44 | Farm |
| 4:54 | Guard Tower |
| 4:57 | Scout Tower |
| 5:11 | Barracks |
| 5:12 | Peasant |
| 5:12 | Peasant |
| 5:26 | Guard Tower |
| 6:00 | Scout Tower |
| 6:11 | Scout Tower |
| 6:14 | Peasant |
| 6:14 | Peasant |
| 6:18 | Farm |
| 6:27 | Guard Tower |
| 6:30 | Scout Tower |
| 6:35 | Scout Tower |
| 6:39 | Arcane Tower |
| 7:12 | Guard Tower |
| 7:47 | Guard Tower |
| 7:52 | Peasant |
| 7:52 | Peasant |
| 7:54 | Footman |
| 7:54 | Footman |
| 7:54 | Footman |
| 8:09 | Scout Tower |
| 8:10 | Scout Tower |
| 8:14 | Scout Tower |
| 8:21 | Footman |
| 8:23 | Barracks |
| 8:25 | Peasant |
| 8:36 | Guard Tower |
| 8:39 | Scout Tower |
| 8:52 | Farm |
| 8:53 | Farm |
| 9:58 | Footman |
| Right click | 597 |
| Select | 218 |
| Build/train/purchase | 49 |
| Use ability | 13 |
| Select group | 6 |
| Assign group | 2 |
| Esc | 2 |
19 units @ 1.9k
/ 0.3k
15 buildings @ 1.4k
/ 0.5k

| Scroll of Regeneration | 2 | 200 |
| Lesser Clarity Potion | 2 | 140 |
| Boots of Speed | 1 | 250 |
| Staff of Teleportation | 1 | 150 |
| total: | 6 | 740g |
| Peasant | 14 | 1050 | / | 0 |
| Mortar Team | 5 | 900 | / | 350 |
| total: | 19 | 1950g | / | 350w |
| Scout Tower | 2 | 60 | / | 40 |
| Arcane Tower | 1 | 70 | / | 50 |
| Guard Tower | 1 | 70 | / | 50 |
| Altar of Kings | 1 | 180 | / | 50 |
| Farm | 8 | 640 | / | 160 |
| Arcane Vault | 1 | 130 | / | 30 |
| Blacksmith | 1 | 140 | / | 60 |
| Lumber Mill | 1 | 120 | / | 0 |
| Workshop | 1 | 140 | / | 140 |
| Keep | 2 | 640 | / | 420 |
| total: | 15 | 1410g | / | 480w |
| 0:03 | Peasant |
| 0:03 | Peasant |
| 0:08 | Altar of Kings |
| 0:11 | Farm |
| 0:12 | Peasant |
| 0:18 | Scout Tower |
| 0:34 | Peasant |
| 0:36 | Farm |
| 0:45 | Peasant |
| 0:54 | Farm |
| 0:59 | Peasant |
| 1:11 | Arcane Vault |
| 1:14 | Peasant |
| 1:39 | Arcane Tower |
| 1:41 | Peasant |
| 1:41 | Peasant |
| 1:44 | Peasant |
| 2:06 | Flame Strike |
| 2:11 | Peasant |
| 2:11 | Peasant |
| 3:31 | Keep |
| 3:41 | Boots of Speed |
| 3:42 | Staff of Teleportation |
| 3:47 | Siphon Mana |
| 4:08 | Scroll of Regeneration |
| 4:32 | Blacksmith |
| 4:35 | Lumber Mill |
| 4:43 | Scroll of Regeneration |
| 4:44 | Lesser Clarity Potion |
| 5:00 | Scout Tower |
| 5:36 | Guard Tower |
| 5:52 | Farm |
| 7:14 | Black Gunpowder |
| 7:15 | Lesser Clarity Potion |
| 7:50 | Workshop |
| 8:05 | Farm |
| 8:06 | Improved Masonry |
| 8:08 | Farm |
| 8:20 | Mortar Team |
| 8:20 | Mortar Team |
| 8:28 | Peasant |
| 8:28 | Peasant |
| 8:35 | Farm |
| 8:45 | Farm |
| 9:02 | Mortar Team |
| 9:55 | Mortar Team |
| 9:55 | Mortar Team |
| Right click | 452 |
| Select | 162 |
| Build/train/purchase | 57 |
| Use ability | 13 |